 Dungeon Crawl Stone Soup version 0.18.1-48-g4cf74bf (webtiles) character file.

83140 lorenzova the Unseen (level 15, -1/63 HPs)
             Began as a Spriggan Enchanter on July 20, 2016.
             Was the Champion of Dithmenos.
             Slain by a naga warrior
             ... wielding a +0 dire flail
              (17 damage)
             ... on level 1 of the Snake Pit.
             The game lasted 01:38:52 (35442 turns).

lorenzova the Unseen (Spriggan Enchanter)          Turns: 35442, Time: 01:38:53

Health: -1/63      AC: 10    Str:  8    XL:     15   Next: 31%
Magic:  12/30      EV: 40    Int: 17    God:    Dithmenos [******]
Gold:   2144       SH:  0    Dex: 21    Spells: 3 memorised, 24 levels left

rFire  . . .     SeeInvis +     b - +4 rapier (elec)
rCold  . . .     Gourm    .     s - +2 robe {MR+}
rNeg   . . .     Faith    .     (shield restricted)
rPois  +         Spirit   .     T - +1 hat
rElec  +         Dismiss  .     c - +0 cloak of Existentialism {*Corrode rElec rPois Str+2}
rCorr  .         Reflect  .     (gloves unavailable)
SustAt .         Harm     .     (boots unavailable)
MR     +++..                    (no amulet)
Stlth  ++++++++++               t - ring of Shaolin {EV+8}
                                e - +4 ring of protection

@: wreathed by umbra, constricted, very quick, extremely resistant to hostile
enchantments, uncannily stealthy
A: unfitting armour, see invisible, herbivore 3, speed 3, slow metabolism 2
a: Shadow Step, Shadow Form, Renounce Religion


You were on level 1 of the Snake Pit.
You worshipped Dithmenos.
Dithmenos was exalted by your worship.
You were not hungry.

You visited 5 branches of the dungeon, and saw 25 of its levels.
You also visited: Ossuary.

You collected 3015 gold pieces.
You spent 871 gold pieces at shops.

Inventory:

Hand Weapons
 b - a +4 rapier of electrocution (weapon)
 y - a +2 dagger of protection
Armour
 c - the +0 cloak of Existentialism (worn) {*Corrode rElec rPois Str+2}
   (You acquired it on level 2 of the Lair of Beasts)

   It affects your strength (+2).
   It insulates you from electricity.
   It protects you from poison.
   It may corrode you when you take damage.
 s - a +2 robe of magic resistance (worn)
 x - a +2 robe of resistance
 T - a +1 hat (worn)
Jewellery
 e - a +4 ring of protection (left hand)
 h - an uncursed ring of protection from fire {unknown}
 p - an uncursed ring of wizardry
 t - the ring of Shaolin (right hand) {EV+8}
   (You found it on level 10 of the Dungeon)

   [ring of evasion]

   It affects your evasion (+8).
 B - an uncursed ring of fire
 Z - an uncursed ring of ice
Wands
 a - a wand of digging (17/24)
 z - a wand of digging (13/24)
 R - a wand of hasting (3/9)
Scrolls
 f - 7 scrolls of remove curse
 i - 4 scrolls of blinking
 k - 3 scrolls of enchant weapon
 l - 12 scrolls of teleportation
 m - 9 scrolls of fear
 n - a scroll of fog
 A - 3 scrolls of recharging
 C - a scroll of amnesia
 G - a scroll of summoning
 J - a scroll of enchant armour
 O - a scroll of brand weapon
 Q - 3 scrolls of magic mapping
 W - a scroll of holy word
Potions
 g - a potion of magic
 j - 3 potions of cancellation
 o - 9 potions of brilliance
 q - a potion of mutation
 r - 15 potions of curing
 u - 7 potions of heal wounds
 v - 5 potions of cure mutation
 w - 2 potions of ambrosia
 F - 2 potions of flight
 H - 2 potions of invisibility
 I - 2 potions of haste
 L - 2 potions of might
 V - a potion of agility
Books
 D - a book of Beasts

   Spells                             Type                      Level
   a - Summon Butterflies             Summoning                    1
   b - Call Canine Familiar           Summoning                    3
   c - Summon Ice Beast               Ice/Summoning                4
   d - Summon Mana Viper              Hexes/Summoning              5
   e - Summon Hydra                   Summoning                    7
Comestibles
 d - 9 bread rations
 N - 12 royal jellies


   Skills:
 - Level 13.6 Short Blades
 + Level 17.4 Dodging
 + Level 19.9 Stealth
 - Level 10.3 Spellcasting
 - Level 10.5 Hexes
 * Level 1.6 Summonings
 - Level 8.7 Invocations
 - Level 8.2 Evocations


You had 24 spell levels left.
You knew the following spells:

 Your Spells              Type           Power        Failure   Level  Hunger
a - Summon Mana Viper     Hex/Summ       ####....     21%         5    #####..
b - Ensorcelled Hibernat  Hex/Ice        ####..       1%          2    None
c - Confuse               Hex            #####...     1%          3    None


Dungeon Overview and Level Annotations

Branches:
Dungeon (14/15)            Temple (1/1) D:6            Lair (6/8) D:10
 Shoals (0/4) Lair:5        Snake (2/4) Lair:6        Slime (0/6) Lair:6
    Orc (2/2) D:12            Elf (0/3) Orc:2        Vaults (0/5) D:13

Altars:
Ashenzari
Cheibriados
Dithmenos
Elyvilon
Fedhas
Gozag
Kikubaaqudgha
Makhleb
Nemelex Xobeh
Okawaru
Pakellas
Qazlal
Ru
Sif Muna
Trog
Vehumet
Xom
Yredelemnul
Zin
The Shining One

Shops:
D:5 *   D:6 ?   D:11 *   D:14 !?[   Orc:1 }   Orc:2 [(::   Snake:2 !


Innate Abilities, Weirdness & Mutations

You are tiny and cannot use many weapons and most armour.
You have supernaturally acute eyesight.
You are a herbivore.
You cover ground extremely quickly.
You need consume almost no food.


Message History

The naga warrior is lightly wounded.
You puncture the naga warrior!
There is a sudden explosion of sparks!
The naga warrior is moderately wounded.
The naga warrior hits you with a dire flail.
You emit a cloud of dark smoke.
The naga warrior constricts you.
You hit the naga warrior.
The naga warrior is moderately wounded.
Casting: Confuse
Confirm with . or Enter, or press ? or * to list all spells.
Aiming: Confuse
Press: ? - help, Shift-Dir - straight line, f - naga warrior
Aim: a naga warrior, wielding a dire flail (black smoke, moderately wounded, constricting you, catching its breath, umbra, chance to defeat MR: 19%)
The naga warrior resists with almost no effort.
The naga warrior hits you with a dire flail!!
You emit a cloud of dark smoke.
* * * LOW HITPOINT WARNING * * *
The naga warrior constricts you.
Your attempt to break free from the naga warrior fails, but you feel that another attempt might succeed.
The naga warrior hits you with a dire flail!
You die...

.........##.####.........#.###
.......###.###.............#
.....#####.##..............#
.####.....##....N..........#
'######..##................##
....# #.####................##
...## #.# #......§§.......##.##
..## ### ###..§§N§.....#####.#
...## ####@§§....## ### ?#..##
####§§§§...## .....##
####...§##§#.## ......#
#.##...†.##..# #######
#..........### ###
#####..........##### ###
#.###....##..........#.#####.#
#....###.##.........#........##
#.#### #.##..........#.....##.#


You could see a naga warrior and a salamander (confused).

Vanquished Creatures
  Kirke (D:14)
  Gastronok (Lair:2)
  Agnes (D:14)
  The ghost of tyranidshit the Warrior, a journeyman DDNe of Makhleb (Orc:2)
  A greater naga (Snake:2)
  A dire elephant (Lair:5)
  An ettin (Orc:1)
  9 hydras
  2 naga warriors (Snake:1)
  3 catoblepae
  The ghost of Inkary the Basher, a journeyman GrFi of Okawaru (Lair:1)
  2 centaur warriors
  4 death yaks
  Urug (D:10)
  2 naga sharpshooters (Snake:1)
  6 orc high priests (Orc:2)
  2 shock serpents (Snake:1)
  Nergalle (D:10)
  2 unseen horrors (D:11)
  A naga ritualist (Snake:1)
  2 hill giants
  6 orc knights (Orc:2)
  3 mana vipers
  3 ugly things (D:12)
  An orc sorcerer (Orc:2)
  A deep elf mage (D:14)
  A griffon (Lair:5)
  2 oklob plants (Lair:6)
  3 cyclopes
  A salamander (Snake:1)
  A manticore (D:13)
  2 guardian serpents (Snake:1)
  12 black mambas
  3 naga magi
  A torpor snail (Lair:5)
  2 spiny frogs (Lair:5)
  4 komodo dragons
  4 rime drakes
  A kobold demonologist (D:14)
  4 merfolk (Lair:5)
  A queen bee (Lair:1)
  6 trolls
  17 blink frogs
  8 slime creatures
  Sigmund (D:5)
  An air elemental (Orc:2)
  A wraith (D:14)
  A human (D:7)
  2 wyverns
  33 yaks
  2 hogs (D:14)
  A steam dragon (Lair:6)
  4 vampire mosquitoes (D:12)
  5 hippogriffs
  2 hungry ghosts
  4 wargs (Orc:1)
  A mottled dragon (D:14)
  13 nagas
  7 water moccasins
  Duvessa (D:4)
  A swamp drake (D:10)
  41 orc warriors
  9 porcupines
  4 eyes of draining
  2 ice beasts
  A necrophage (D:12)
  3 phantoms
  15 ogres
  5 sky beasts
  3 centaurs
  10 crocodiles
  2 big kobolds
  14 giant frogs
  Dowan (D:4)
  5 scorpions
  4 wights (D:14)
  35 killer bees
  6 howler monkeys
  2 electric eels (Lair:5)
  3 crimson imps
  A wasp zombie (D:11)
  A giant frog zombie (D:5)
  5 jellies
  4 centaur skeletons
  30 orc priests
  A gnoll shaman (Orc:1)
  A hound (D:12)
  30 orc wizards
  Crazy Yiuf (D:2)
  Ijyb (D:3)
  15 iguanas
  15 worker ants
  11 sheep
  A killer bee zombie (D:8)
  A big kobold zombie (Ossuary)
  A hound zombie (D:6)
  8 mummies (Ossuary)
  2 hound skeletons
  A howler monkey zombie (D:6)
  A worker ant zombie (D:9)
  9 gnolls
  A howler monkey skeleton (D:10)
  51 river rats
  18 adders
  2 shadow imps
  An ooze (D:1)
  An adder skeleton (D:9)
  3 worms
  A dart slug (D:1)
  12 giant geckos
  83 orcs
  12 giant cockroaches
  2 gnoll zombies (Ossuary)
  13 goblins
  8 hobgoblins
  20 jackals
  3 quokkas
  3 bats
  4 giant gecko zombies
  8 giant newts
  A hobgoblin zombie (Ossuary)
  18 kobolds
  A kobold zombie (Ossuary)
  3 orc zombies (Ossuary)
  3 rats
789 creatures vanquished.

Vanquished Creatures (others)
  15 fungi
  2 plants (Lair:5)
  11 toadstools (Lair:5)
28 creatures vanquished.

Grand Total: 817 creatures vanquished

Notes
Turn   | Place    | Note
--------------------------------------------------------------
     0 | D:1      | lorenzova the Spriggan Enchanter began the quest for the Orb.
     0 | D:1      | Reached XP level 1. HP: 9/9 MP: 5/5
   399 | D:1      | Reached XP level 2. HP: 11/13 MP: 7/7
   828 | D:1      | Learned a level 2 spell: Ensorcelled Hibernation
  1076 | D:1      | Reached skill level 5 in Stealth
  1427 | D:2      | Found a blossoming altar of Fedhas.
  1431 | D:2      | Reached XP level 3. HP: 16/16 MP: 9/9
  1436 | D:2      | Learned a level 3 spell: Confuse
  1746 | D:2      | Found a radiant altar of Vehumet.
  2158 | D:2      | Reached XP level 4. HP: 21/21 MP: 5/10
  2224 | D:2      | Noticed Crazy Yiuf
  2310 | D:2      | Killed Crazy Yiuf
  3014 | D:3      | Reached skill level 5 in Hexes
  3014 | D:3      | Reached XP level 5. HP: 22/24 MP: 9/12
  3107 | D:3      | Reached skill level 6 in Stealth
  3801 | D:3      | Noticed Ijyb
  3815 | D:3      | Killed Ijyb
  4158 | D:4      | Found a glowing golden altar of the Shining One.
  4303 | D:4      | Reached skill level 5 in Spellcasting
  4433 | D:4      | Reached XP level 6. HP: 28/28 MP: 15/15
  4453 | D:4      | Noticed Duvessa
  4455 | D:4      | Noticed Dowan
  4554 | D:4      | Killed Duvessa
  4571 | D:4      | Killed Dowan
  4789 | D:4      | Reached skill level 7 in Stealth
  4789 | D:4      | Reached XP level 7. HP: 32/32 MP: 15/17
  4928 | D:4      | Found a sacrificial altar of Ru.
  5118 | D:5      | Entered Level 5 of the Dungeon
  5197 | D:5      | Found a glowing silver altar of Zin.
  5198 | D:5      | Noticed Sigmund
  5204 | D:5      | Killed Sigmund
  5235 | D:5      | Found a shimmering altar of Xom.
  5236 | D:5      | Found a shimmering altar of Xom.
  5239 | D:5      | Found a shimmering altar of Xom.
  5278 | D:5      | Found a shimmering altar of Xom.
  5279 | D:5      | Found a shimmering altar of Xom.
  5594 | D:5      | Found Ypoa's General Store.
  6416 | D:6      | Reached XP level 8. HP: 28/36 MP: 15/20
  6549 | D:6      | Reached skill level 8 in Stealth
  6554 | D:6      | Found a staircase to the Ecumenical Temple.
  6562 | Temple   | Entered the Ecumenical Temple
  7256 | D:6      | Found Wikaerir's Magic Scroll Shoppe.
  7261 | D:6      | Bought a scroll of magic mapping for 49 gold pieces
  7316 | D:6      | Found a shadowy altar of Dithmenos.
  7323 | D:6      | Became a worshipper of Dithmenos the Shadowed
  7625 | D:7      | Reached skill level 9 in Stealth
  8022 | D:7      | Reached XP level 9. HP: 31/39 MP: 18/23
  8370 | D:7      | Reached * piety under Dithmenos
  8927 | D:8      | Reached skill level 10 in Hexes
  9209 | D:8      | Noticed a four-headed hydra
  9287 | D:8      | Reached skill level 10 in Spellcasting
  9308 | D:8      | Found a sand-covered staircase.
  9501 | Ossuary  | Entered an ossuary
  9700 | Ossuary  | Reached ** piety under Dithmenos
  9986 | D:8      | Reached skill level 10 in Stealth
 10442 | D:8      | Killed a four-headed hydra
 10442 | D:8      | Reached skill level 5 in Short Blades
 10442 | D:8      | Reached skill level 5 in Dodging
 10442 | D:8      | Reached skill level 11 in Stealth
 10442 | D:8      | Reached XP level 10. HP: 44/44 MP: 19/25
 11262 | D:10     | Entered Level 10 of the Dungeon
 11291 | D:10     | Reached *** piety under Dithmenos
 11396 | D:10     | Noticed Nergalle
 11400 | D:10     | Killed Nergalle
 11425 | D:10     | Reached skill level 12 in Stealth
 11427 | D:10     | Noticed Urug
 11617 | D:10     | Noticed a hill giant
 11622 | D:10     | Killed a hill giant
 12552 | D:10     | Killed Urug
 12552 | D:10     | Reached XP level 11. HP: 47/47 MP: 20/26
 13157 | D:10     | Found a staircase to the Lair.
 13184 | D:10     | Reached skill level 13 in Stealth
 13607 | Lair:1   | Entered Level 1 of the Lair of Beasts
 14023 | Lair:1   | Reached **** piety under Dithmenos
 14045 | Lair:1   | Noticed Inkary's ghost (journeyman GrFi)
 14073 | Lair:1   | Killed Inkary's ghost
 14094 | Lair:1   | Reached skill level 10 in Short Blades
 15708 | Lair:2   | Reached skill level 10 in Dodging
 16090 | Lair:2   | Reached skill level 14 in Stealth
 16095 | Lair:2   | Noticed Gastronok
 16200 | Lair:2   | Reached ***** piety under Dithmenos
 16529 | Lair:2   | Killed Gastronok
 16529 | Lair:2   | Reached XP level 12. HP: 50/51 MP: 14/27
 17279 | Lair:3   | Noticed a five-headed hydra
 17283 | Lair:3   | Killed a five-headed hydra
 17969 | Lair:4   | Noticed a five-headed hydra
 18061 | Lair:4   | Killed a five-headed hydra
 18080 | Lair:4   | Reached skill level 15 in Stealth
 18978 | Lair:5   | Noticed a death yak
 18979 | Lair:5   | Noticed a death yak
 18986 | Lair:5   | Killed a death yak
 18990 | Lair:5   | Killed a death yak
 19207 | Lair:5   | Found a staircase to the Shoals.
 19524 | Lair:5   | Noticed an eight-headed hydra
 19531 | Lair:5   | Killed an eight-headed hydra
 19531 | Lair:5   | Reached XP level 13. HP: 55/55 MP: 25/28
 19582 | Lair:5   | Reached skill level 1 in Evocations
 19632 | Lair:5   | Reached skill level 1 in Invocations
 19925 | Lair:5   | Noticed a dire elephant
 20626 | Lair:5   | Killed a dire elephant
 20626 | Lair:5   | Reached skill level 16 in Stealth
 21512 | Lair:6   | Reached skill level 5 in Evocations
 21688 | Lair:2   | Identified 2 scrolls of acquirement
 22034 | D:11     | Found a blossoming altar of Fedhas.
 22204 | D:11     | Found Tigoaggu's Assorted Antiques.
 22506 | D:11     | Reached skill level 5 in Invocations
 22911 | D:12     | Found a staircase to the Orcish Mines.
 22993 | D:12     | Reached ****** piety under Dithmenos
 23799 | D:13     | Found a gate to the Vaults.
 24054 | Lair:2   | Got a shimmering cloak
 24065 | Lair:2   | Identified the +0 cloak of Existentialism {*Corrode rElec rPois Str+2} (You acquired it on level 2 of the Lair of Beasts)
 24361 | Orc:1    | Entered Level 1 of the Orcish Mines
 24713 | Orc:1    | Found Jouhees's Gadget Shop.
 25216 | Orc:2    | Entered Level 2 of the Orcish Mines
 25350 | Orc:2    | Found a staircase to the Elven Halls.
 25392 | Orc:2    | Noticed tyranidshit's ghost (journeyman DDNe)
 25408 | Orc:2    | Noticed an ettin
 25709 | Orc:1    | Reached XP level 14. HP: 59/59 MP: 24/29
 25738 | Orc:1    | Reached skill level 17 in Stealth
 29290 | Orc:2    | Found Luupab's Book Shoppe.
 29290 | Orc:2    | Found Noustryh's Armour Shoppe.
 29291 | Orc:2    | Found Notylats's Book Shoppe.
 29291 | Orc:2    | Found Jonaf's Weapon Emporium.
 29539 | Orc:2    | Killed tyranidshit's ghost
 29878 | D:13     | Reached skill level 15 in Dodging
 30786 | D:14     | Reached skill level 18 in Stealth
 30892 | D:14     | Found Jebops's Antique Armour Boutique.
 30899 | D:14     | Bought a ripped robe for 165 gold pieces
 30906 | D:14     | Identified the +2 robe of the Eagle {Stlth+} (You bought it in a shop on level 14 of the Dungeon)
 30961 | D:14     | Found Yfutoguw's Distillery.
 30966 | D:14     | Noticed Agnes
 30970 | D:14     | Killed Agnes
 30999 | D:14     | Bought a potion of flight for 39 gold pieces
 31171 | D:14     | Found Jyre Ido's Magic Scroll Emporium.
 31174 | D:14     | Found Cahesche's General Store.
 31174 | D:14     | Noticed Kirke
 31183 | D:14     | Killed Kirke
 31193 | D:14     | Bought a scroll of vulnerability for 120 gold pieces
 31193 | D:14     | Bought a scroll of identify for 32 gold pieces
 31193 | D:14     | Bought a scroll of random uselessness for 16 gold pieces
 31193 | D:14     | Bought a scroll of brand weapon for 320 gold pieces
 31870 | Lair:6   | Found a staircase to the Snake Pit.
 32459 | Lair:6   | Found a staircase to the Slime Pits.
 32466 | Lair:6   | Reached skill level 19 in Stealth
 32975 | Snake:1  | Entered Level 1 of the Snake Pit
 33252 | Snake:1  | Reached XP level 15. HP: 63/63 MP: 30/30
 34353 | Snake:1  | You fall through a shaft!
 34441 | Snake:2  | Found Resmon's Distillery.
 34453 | Snake:2  | Bought a potion of heal wounds for 65 gold pieces
 34453 | Snake:2  | Bought a potion of heal wounds for 65 gold pieces
 34692 | Snake:2  | Noticed a greater naga
 34699 | Snake:2  | Killed a greater naga
 34736 | Snake:2  | Learned a level 5 spell: Summon Mana Viper
 34914 | Snake:1  | Reached skill level 1 in Summonings
 35442 | Snake:1  | Slain by a naga warrior

Skill      XL: |  1  2  3  4  5  6  7  8  9 10 11 12 13 14 15 |
---------------+----------------------------------------------+-----
Spellcasting   | 3 4 5 6 7 9 10 | 10.3
Hexes          | 4 5 6 7 9 10 | 10.5
Stealth        | 5 6 7 9 11 12 14 15 16 19 | 19.9
Short Blades   | 5 8 11 13 | 13.6
Dodging        | 5 8 10 12 14 16 17 | 17.4
Evocations     | 8 |  8.2
Invocations    | 6 8 |  8.7
Summonings     | 1 |  1.6

Action                   |  1- 3 |  4- 6 |  7- 9 | 10-12 | 13-15 || total
-------------------------+-------+-------+-------+-------+-------++-------
Melee: Dagger            |   143 |    34 |    42 |   780 |    90 ||  1089
       Short sword       |       |   129 |   442 |       |       ||   571
       Rapier            |       |       |       |       |  1017 ||  1017
 Cast: Corona            |     4 |       |       |       |       ||     4
       Ensorcelled Hiber |     7 |    21 |    34 |   119 |    82 ||   263
       Confuse           |       |     8 |    44 |    54 |   173 ||   279
Evoke: Wand              |       |       |       |       |     3 ||     3
  Use: Scroll            |       |     5 |     3 |     6 |    21 ||    35
       Potion            |       |       |       |     1 |     7 ||     8
 Stab: Sleeping          |    17 |    26 |    45 |   156 |   143 ||   387
       Distracted        |     1 |     1 |     2 |     3 |    15 ||    22
       Confused          |       |     8 |    26 |    35 |    58 ||   127
       Invisible         |       |       |       |     5 |     2 ||     7
  Eat: Fruit             |       |     3 |     1 |     4 |    11 ||    19
       Bread ration      |       |       |     1 |       |       ||     1
       Pizza             |       |       |       |     4 |     3 ||     7
Armor: Robe              |    13 |    24 |    77 |    47 |    22 ||   183
       Skin              |       |       |       |       |     2 ||     2
Dodge: Dodged            |   102 |   132 |   402 |   721 |   723 ||  2080
